Map: Divergence LE

Players

SoldierS

  • Race: Zerg Zerg
  • Spawn Location: 5:00

LINK

  • Race: Protoss Protoss
  • Spawn Location: 5:00

Massa - Winner!

  • Race: Terran Terran
  • Spawn Location: 11:00

qqq - Winner!

  • Race: Protoss Protoss
  • Spawn Location: 11:00

VOD

Have the link to the VOD?

Description

Time

  • Played on: June 19, 2020, 4:43 p.m.
  • Length: 18:18
Show
View Real Time Build Order
Export as new Build Order

SoldierS Zerg 

Build Orders: Hatch First 

Get SALT Encoding   

  12  0:03  Drone  
  13  0:12  Overlord  
  13  0:17  Drone  
  14  0:32  Drone x2  
  17  0:35  Drone  
  17  1:22  Hatchery  
  16  1:27  Drone x2, Spawning Pool  
  16  1:28  Drone  
  16  1:31  Extractor  
  17  1:33  Extractor  
  16  1:54  Drone x2  
  18  2:21  Queen  
  18  2:22  Zergling x4  
  22  2:23  Metabolic Boost  
  22  2:25  Overlord  
  22  2:35  Queen  
  22  2:36  Drone  
  25  2:42  Drone  
  26  2:47  Drone  
  26  2:50  Drone  
  28  2:58  Drone  
  29  3:00  Lair  
  29  3:03  Spore Crawler  
  28  3:06  Drone x2  
  30  3:15  Drone  
  31  3:21  Baneling Nest  
  30  3:29  Overlord x2  
  30  3:34  Spore Crawler  
  29  3:50  Drone x2  
  31  3:57  Drone x2  
  31  4:02  Drone, Spire  
  33  4:07  Drone x3  
  36  4:16  Centrifical Hooks  
  36  4:21  Zergling x2  
  36  4:22  Zergling x2  
  36  4:23  Zergling x2  
  39  4:26  Zergling x2  
  39  4:28  Zergling x2  
  41  4:33  Extractor  
  41  4:37  Extractor  
  39  4:40  Drone x4  
  43  4:57  Zergling x2  
  44  5:02  Hatchery  
  39  5:20  Zergling x8  
  39  5:21  Zergling x6  
  41  5:24  Zergling x4  
  41  5:38  Zergling x4  
  41  5:42  Zergling x2  
  43  5:44  Overlord  
  34  6:34  Zergling x4  
  34  6:35  Zergling x6  
  34  6:37  Queen  
  34  6:38  Zergling x6  
  34  6:39  Zergling x4  
  46  6:41  Baneling  
  46  6:42  Baneling  
  46  6:46  Zergling x2  
  46  6:47  Zergling x4  
  49  7:09  Baneling  
  49  7:10  Baneling x7  
  49  7:11  Baneling x6  
  49  7:13  Baneling  
  49  7:14  Baneling x4  
  49  7:25  Baneling x4  
  49  7:29  Zergling x8  
  54  7:30  Zergling x4  
  43  7:47  Zergling x2  
  43  8:02  Infestation Pit  
  42  8:08  Baneling  
  42  8:09  Baneling x8  
  42  8:10  Baneling x3  
  42  8:13  Baneling x6  
  42  8:15  Zergling x6  
  45  8:24  Queen  
  45  8:25  Drone x3  
  50  8:28  Drone x2  
  50  8:29  Drone x4  
  51  8:35  Spore Crawler  
  48  8:47  Corruptor x2  
  50  8:57  Zergling x4  
  50  9:00  Queen  
  50  9:01  Zergling x8  
  58  9:03  Overlord  
  58  9:12  Overlord  
  58  9:13  Overlord  
  58  9:17  Zerg Flyer Weapons Level 1  
  58  9:22  Drone, Evolution Chamber x2  
  58  9:23  Drone x2  
  59  9:29  Drone  
  59  9:30  Drone x2  
  59  9:31  Drone  
  55  9:57  Baneling x5  
  55  9:58  Baneling x4  
  53  10:00  Zergling x6  
  53  10:01  Zergling x6  
  59  10:07  Corruptor x2  
  59  10:08  Corruptor  
  61  10:29  Zergling x10  
  61  10:30  Zergling x2  
  67  10:40  Hive  
  67  10:52  Drone x2  
  67  10:54  Corruptor x2  
  67  10:55  Corruptor x3  
  79  11:08  Baneling  
  79  11:09  Baneling x7  
  79  11:10  Baneling x4  
  79  11:18  Drone x3  
  82  11:19  Overlord  
  82  11:20  Overlord  
  82  11:28  Baneling x6  
  82  11:29  Baneling x5  
  82  11:30  Baneling  
  73  11:53  Corruptor x5  
  83  12:00  Zerg Flyer Weapons Level 2  
  83  12:09  Extractor  
  83  12:12  Extractor  
  83  12:13  Drone x6  
  87  12:26  Overlord x2  
  87  12:29  Hatchery  
  86  12:33  Corruptor  
  88  12:40  Corruptor x4  
  96  12:54  Viper  
  96  12:55  Viper  
  102  13:01  Zergling x10  
  102  13:02  Zergling x10  
  112  13:15  Overlord x2  
  112  13:16  Drone  
  74  14:13  Zergling x12  
  76  14:21  Zergling x10  
  81  14:25  Greater Spire  
  81  14:27  Corruptor  
  77  14:35  Zergling x6  
  77  14:38  Zergling x4  
  82  14:42  Zergling x12  
  82  14:43  Zergling x6  
  91  14:51  Zergling x2  
  80  15:22  Zergling x10  
  81  15:35  Baneling  
  81  15:36  Baneling x7  
  81  15:37  Baneling x7  
  81  15:38  Corruptor  
  81  15:39  Corruptor  
  85  15:49  Corruptor x3  
  87  15:50  Corruptor x3  
  87  15:54  Baneling x3  
  87  15:55  Baneling x7  
  87  15:56  Baneling x3  
  93  16:08  Corruptor x4  
  93  16:09  Corruptor  
  100  16:21  Corruptor  
  100  16:22  Corruptor x2  
  106  16:26  Corruptor x2  
  110  16:41  Corruptor x2  
  71  17:11  Corruptor x5  
  67  17:26  Corruptor x4  
  69  17:41  Zergling x2  
  69  17:42  Zergling x12  
  69  17:43  Zergling x4  
Show
View Real Time Build Order
Export as new Build Order

LINK Protoss 

Build Orders:  

Get SALT Encoding   

  12  0:01  Probe  
  13  0:13  Probe  
  14  0:20  Pylon  
  14  0:25  Probe  
  15  0:39  Forge  
  15  0:42  Probe  
  16  0:53  Pylon  
  16  1:00  Pylon  
  16  1:12  Probe  
  17  1:19  Photon Cannon  
  17  1:20  Probe, Photon Cannon  
  18  1:34  Assimilator  
  18  1:50  Pylon  
  18  2:09  Photon Cannon  
  18  2:16  Photon Cannon  
  18  2:26  Probe  
  19  2:32  Pylon  
  19  2:38  Assimilator  
  19  2:43  Gateway  
  19  2:58  Probe  
  20  3:09  Pylon  
  20  3:38  Photon Cannon x2  
  20  3:46  Cybernetics Core  
  20  3:47  Probe, Photon Cannon  
  20  3:48  Gateway  
  20  3:51  Gateway  
  21  3:56  Probe  
  21  3:58  Protoss Ground Weapons Level 1  
  22  4:04  Probe  
  23  4:15  Warp Gate  
  23  4:16  Probe  
  24  4:22  Pylon  
  24  4:23  Stalker  
  26  4:26  Probe  
  27  4:36  Probe  
  27  4:37  Stalker  
  27  4:38  Stalker  
  31  4:45  Probe  
  32  4:46  Twilight Council  
  33  4:56  Stalker  
  33  4:57  Probe  
  36  5:20  Stalker  
  38  5:26  Pylon  
  34  5:39  Stalker  
  35  5:52  Blink  
  33  6:04  Gateway  
  33  6:05  Gateway  
  33  6:06  Stalker x2  
  33  6:09  Probe  
  38  6:24  Nexus  
  38  6:30  Stalker  
  38  6:31  Stalker  
  42  6:33  Probe  
  43  6:49  Stalker  
  43  6:54  Probe  
  46  7:08  Pylon  
  46  7:21  Assimilator  
  46  7:24  Assimilator  
  36  7:54  Stalker  
  36  7:55  Stalker x4  
  46  8:01  Gateway  
  46  8:02  Gateway  
  46  8:03  Probe  
  47  8:10  Probe  
  48  8:15  Probe  
  49  8:22  Probe  
  49  8:25  Stalker  
  49  8:26  Stalker  
  54  8:27  Probe  
  55  8:46  Stalker x3  
  61  8:51  Stalker  
  61  8:52  Stalker  
  61  8:53  Probe  
  66  9:12  Stalker x2  
  54  9:57  Stalker x4  
  54  9:58  Stalker x3  
  54  9:59  Probe  
  61  10:27  Probe  
  59  10:29  Stalker  
  59  10:30  Stalker x4  
  70  10:41  Templar Archives, Probe  
  69  10:50  Nexus  
  69  10:53  Probe, Assimilator  
  69  10:54  Pylon, Assimilator  
  69  10:56  Pylon  
  70  11:00  Forge  
  70  11:03  Forge  
  70  11:09  Probe  
  70  11:11  Pylon  
  70  11:12  Probe  
  72  11:19  Protoss Ground Weapons Level 2  
  72  11:32  Psionic Storm  
  70  11:44  Charge  
  66  11:50  Protoss Ground Armor Level 1  
  66  11:52  Probe  
  66  11:53  High Templar x6  
  78  12:01  Probe  
  79  12:05  Pylon  
  80  12:19  High Templar  
  82  12:26  Zealot x4  
  82  12:27  Zealot x2  
  94  12:31  Probe  
  94  12:32  Probe  
  96  12:45  Pylon  
  96  12:47  Zealot, Pylon  
  96  12:48  Zealot x5  
  108  13:08  Protoss Shields Level 1  
  108  13:11  High Templar x3  
  108  13:12  High Templar x2  
  118  13:13  Zealot x2  
  118  13:16  Archon x2  
  82  14:23  Archon  
  62  14:30  Probe  
  46  14:32  Zealot x3  
  46  14:33  High Templar x4  
  46  14:36  Protoss Ground Weapons Level 3  
  61  14:39  Gateway  
  61  14:41  Gateway  
  61  14:42  Gateway  
  61  14:44  Probe, Gateway  
  61  14:46  Protoss Ground Armor Level 2  
  62  14:53  Archon  
  62  14:54  Archon  
  62  14:56  Zealot x3  
  68  15:13  High Templar x4  
  71  15:37  High Templar  
  71  15:38  Probe, High Templar x4  
  71  15:39  Protoss Shields Level 2  
  82  15:44  Archon  
  82  15:45  Archon  
  82  15:50  Probe  
  82  15:53  Archon  
  82  15:54  Archon  
  82  15:57  Zealot x5  
  85  15:58  Zealot  
  80  16:26  Zealot x4  
  80  16:27  Zealot x3  
  79  16:47  High Templar x4  
  79  16:48  High Templar x2  
  79  16:49  Pylon  
  89  16:59  Photon Cannon  
  89  17:01  Photon Cannon  
  89  17:04  High Templar  
  91  17:16  Zealot x2  
  39  17:50  Stalker  
  41  17:54  Stalker  
  41  17:55  Stalker  
  41  17:56  Stalker  
  41  17:57  Stalker  
Show
View Real Time Build Order
Export as new Build Order

Massa Terran - Winner!

Build Orders:  

Get SALT Encoding   

  12  0:06  SCV  
  13  0:15  Supply Depot  
  13  0:18  SCV  
  14  0:31  SCV  
  15  0:39  Barracks  
  15  0:43  SCV  
  16  0:51  Supply Depot  
  16  0:59  Supply Depot  
  16  1:03  SCV  
  17  1:15  SCV  
  18  1:27  SCV  
  18  1:29  Marine  
  20  1:39  Refinery  
  20  1:40  Orbital Command  
  20  1:43  Refinery  
  20  1:47  Marine  
  20  2:36  Supply Depot  
  20  2:37  Supply Depot  
  20  2:58  Marine  
  21  3:01  Supply Depot  
  21  3:03  Supply Depot  
  21  3:09  Command Center  
  21  3:15  Barracks, Marine  
  21  3:17  SCV  
  23  3:29  SCV  
  23  3:33  Marine  
  25  3:41  SCV  
  26  3:51  Marine  
  26  3:53  SCV  
  28  3:59  Factory  
  28  4:03  Barracks  
  28  4:04  Marine  
  28  4:05  SCV  
  28  4:09  Marine  
  31  4:16  Supply Depot  
  31  4:17  SCV  
  31  4:22  Marine  
  33  4:27  Marine  
  34  4:33  Command Center  
  34  4:42  Marine  
  34  4:44  Marine  
  36  4:50  Factory Tech Lab  
  36  4:52  Marine  
  37  5:00  Marine  
  37  5:02  Marine  
  39  5:10  SCV, Marine  
  37  5:18  Marine  
  37  5:20  Marine  
  36  5:22  SCV  
  36  5:28  Marine  
  38  5:34  SCV  
  39  5:35  Marine  
  39  5:38  Marine  
  40  5:45  Marine  
  40  5:46  SCV  
  39  5:53  Marine  
  39  5:56  Marine  
  39  6:01  Engineering Bay  
  36  6:07  Bunker, Marine  
  36  6:09  Siege Tank  
  40  6:11  Marine  
  40  6:14  Marine  
  40  6:25  Marine  
  36  6:34  Planetary Fortress  
  36  6:38  SCV  
  38  6:43  Orbital Command  
  38  6:46  Terran Infantry Weapons Level 1  
  37  6:48  Barracks Tech Lab  
  37  6:49  Barracks Reactor  
  37  6:50  SCV, Barracks Tech Lab  
  37  6:51  Siege Tank  
  41  6:59  Refinery  
  41  7:02  SCV  
  42  7:10  Supply Depot  
  42  7:14  SCV  
  43  7:15  Missile Turret  
  43  7:17  Stimpack  
  43  7:18  Concussive Shells  
  43  7:20  Orbital Command  
  43  7:35  Supply Depot  
  30  7:47  Marauder  
  30  7:48  Marauder, Marine x2  
  36  7:56  Siege Tank  
  39  8:01  Combat Shield  
  39  8:03  SCV  
  40  8:06  Marine x2  
  40  8:09  SCV x2, Marauder x2  
  48  8:15  SCV  
  49  8:21  SCV x2  
  49  8:24  Marine x2  
  53  8:28  SCV, Engineering Bay  
  53  8:30  Marauder x2  
  53  8:34  Armory  
  58  8:38  Missile Turret  
  58  8:40  Terran Infantry Armor Level 1  
  58  8:52  Marauder  
  58  8:53  Starport  
  58  8:55  Starport  
  60  9:00  Missile Turret  
  60  9:01  Marauder  
  62  9:13  Marauder  
  64  9:23  Marauder  
  66  9:24  SCV x2  
  68  9:34  Marauder  
  68  9:36  SCV  
  68  9:37  SCV  
  69  9:42  Siege Tank  
  69  9:44  Marauder  
  65  9:48  SCV  
  65  9:49  SCV  
  67  9:56  Marauder  
  67  9:59  Refinery  
  69  10:00  SCV  
  69  10:01  SCV  
  70  10:12  SCV  
  70  10:13  SCV, Terran Infantry Weapons Level 2  
  72  10:14  Bunker  
  72  10:19  Barracks  
  68  10:44  Command Center  
  68  10:46  Medivac x2  
  72  10:57  Sensor Tower, Terran Vehicle Weapons Level 1  
  72  10:58  Terran Infantry Armor Level 2  
  72  11:07  Barracks  
  72  11:40  Barracks Tech Lab  
  71  11:48  Marauder x2  
  71  11:50  Marine x2  
  77  12:02  Barracks Reactor  
  77  12:06  Sensor Tower  
  77  12:08  Marine x2  
  77  12:09  Thor  
  77  12:10  Marauder x2  
  77  12:15  SCV  
  90  12:16  SCV  
  90  12:21  Orbital Command  
  91  12:26  Marine x2  
  91  12:27  SCV  
  91  12:28  SCV  
  95  12:31  Marauder x2  
  99  12:39  SCV  
  99  12:40  SCV  
  99  12:42  Factory  
  99  12:44  Marine x2  
  102  12:47  Medivac x2  
  102  12:48  Sensor Tower  
  107  12:52  Marauder  
  109  13:04  Supply Depot  
  109  13:08  Supply Depot  
  109  13:25  SCV x2, Marine x2  
  109  13:26  Marauder x2  
  117  13:27  Supply Depot  
  117  13:28  SCV  
  117  13:29  Marine, Siege Tank  
  117  13:32  Supply Depot  
  99  13:43  Marauder  
  99  13:46  Marine  
  99  13:47  Marauder  
  84  13:54  Marine x4  
  84  13:55  Supply Depot  
  84  14:01  Factory Tech Lab  
  64  14:05  Marauder x2  
  64  14:08  Marauder  
  64  14:09  Siege Tank  
  71  14:12  Marine x4  
  71  14:16  Bunker  
  69  14:26  Marauder x2  
  69  14:30  Marauder, Marine x4  
  79  14:34  Medivac x2  
  83  14:41  Siege Tank  
  86  14:47  Marauder, Marine  
  86  14:48  Refinery, Marauder, Marine x3  
  86  14:51  Marauder  
  86  14:52  Command Center  
  96  14:55  SCV  
  96  14:56  SCV x2  
  99  15:04  Medivac x2  
  103  15:09  Marauder x2  
  103  15:12  Marauder  
  103  15:13  Marine x3  
  112  15:17  Siege Tank  
  115  15:29  Marine  
  115  15:30  Marauder x2  
  115  15:31  Marine x3  
  115  15:32  Siege Tank  
  115  15:34  Marauder  
  128  15:38  Medivac  
  130  15:47  Marine  
  130  15:48  Marine  
  130  15:49  Marine x2  
  134  15:52  Marauder x2  
  134  15:55  Marauder  
  140  16:07  Terran Vehicle And Ship Armor Level 1  
  140  16:13  Marauder x2  
  140  16:16  SCV x3  
  140  16:17  Marauder  
  149  16:20  Command Center  
  149  16:28  SCV  
  149  16:29  SCV x2  
  150  16:34  Marauder x2  
  150  16:38  Marauder  
  156  16:40  SCV  
  156  16:41  SCV x2  
  156  16:45  Marine x4  
  157  16:48  Thor  
  155  16:56  Marauder x2  
  155  16:59  Marauder  
  161  17:02  Marine  
  161  17:03  Marine x2  
  164  17:12  Supply Depot x2  
  164  17:13  Supply Depot x2  
  164  17:14  Supply Depot  
  164  17:15  Supply Depot x2  
  164  17:31  Marine x4  
  164  17:32  Marauder x3  
  147  17:49  Marine x4  
  151  17:53  Marauder x3  
Show
View Real Time Build Order
Export as new Build Order

qqq Protoss - Winner!

Build Orders: Carriers 

Get SALT Encoding   

  12  0:04  Probe  
  13  0:21  Pylon  
  14  0:28  Probe  
  14  0:40  Probe  
  15  0:43  Gateway  
  15  0:52  Probe  
  16  0:59  Assimilator  
  16  1:05  Probe  
  17  1:17  Probe  
  18  1:29  Probe  
  19  1:35  Forge  
  19  1:38  Cybernetics Core  
  19  1:50  Probe  
  20  1:56  Pylon  
  20  2:17  Photon Cannon  
  20  2:20  Photon Cannon  
  20  2:30  Pylon  
  20  2:37  Photon Cannon  
  20  2:38  Stalker  
  22  2:51  Photon Cannon  
  22  3:04  Nexus  
  22  3:08  Stalker  
  22  3:09  Probe  
  25  3:13  Assimilator  
  25  3:21  Probe  
  26  3:33  Probe  
  27  3:45  Probe  
  27  3:47  Stalker  
  30  3:55  Stargate  
  30  4:00  Stargate  
  30  4:17  Stalker  
  32  4:26  Probe  
  33  4:39  Probe  
  33  4:44  Phoenix  
  36  4:47  Stalker  
  36  4:48  Probe  
  39  4:56  Probe  
  39  4:59  Assimilator  
  39  5:00  Phoenix  
  39  5:05  Probe  
  43  5:17  Probe  
  42  5:27  Stalker  
  44  5:29  Probe  
  39  5:57  Stalker  
  39  6:02  Probe  
  42  6:05  Void Ray  
  46  6:13  Pylon  
  46  6:14  Probe  
  47  6:20  Nexus  
  47  6:25  Pylon  
  47  6:27  Probe, Pylon  
  47  6:32  Phoenix  
  50  6:39  Probe  
  51  6:42  Fleet Beacon  
  51  6:48  Photon Cannon  
  51  6:50  Photon Cannon  
  51  6:51  Probe  
  52  6:55  Pylon  
  52  6:59  Pylon  
  52  7:00  Pylon  
  52  7:03  Probe  
  53  7:09  Phoenix  
  53  7:12  Stalker  
  53  7:15  Probe  
  58  7:27  Probe  
  59  7:39  Probe  
  54  7:51  Probe  
  54  7:58  Carrier  
  61  7:59  Tempest  
  61  8:01  Probe  
  61  8:03  Probe  
  68  8:07  Assimilator  
  68  8:13  Probe  
  68  8:14  Photon Cannon  
  68  8:15  Probe  
  68  8:18  Photon Cannon  
  70  8:20  Pylon  
  70  8:26  Probe  
  71  8:28  Probe  
  70  8:38  Probe  
  70  8:40  Probe  
  72  8:42  Carrier  
  78  8:50  Probe  
  78  8:52  Probe  
  80  9:02  Carrier, Assimilator  
  86  9:06  Assimilator  
  86  9:44  Pylon  
  86  9:46  Carrier  
  86  9:48  Protoss Air Weapons Level 1  
  90  9:53  Pylon  
  90  10:04  Pylon  
  90  10:06  Carrier  
  86  10:24  Probe, Nexus  
  87  10:36  Probe  
  87  10:38  Photon Cannon  
  87  10:41  Photon Cannon  
  83  10:43  Pylon  
  83  10:48  Probe  
  84  10:50  Carrier  
  90  11:00  Probe  
  91  11:09  Photon Cannon  
  91  11:12  Photon Cannon  
  91  11:13  Probe, Carrier  
  98  11:20  Pylon  
  98  11:25  Probe, Pylon  
  99  11:28  Pylon  
  99  11:29  Shield Battery  
  99  11:37  Probe  
  100  11:45  Carrier  
  100  11:59  Stargate  
  106  12:04  Stargate  
  106  12:06  Stargate  
  106  12:07  Void Ray  
  106  12:22  Mothership  
  118  12:23  Probe  
  119  12:31  Photon Cannon  
  119  12:32  Photon Cannon  
  119  12:35  Probe  
  120  12:39  Nexus  
  120  12:47  Probe, Protoss Air Armor Level 1  
  120  12:49  Carrier  
  127  12:55  Carrier  
  127  13:00  Probe  
  134  13:12  Probe  
  135  13:16  Carrier  
  141  13:27  Pylon  
  141  13:29  Pylon  
  117  13:44  Phoenix  
  119  13:53  Phoenix  
  121  13:59  Phoenix  
  121  14:00  Shield Battery x2  
  121  14:02  Shield Battery  
  123  14:09  Phoenix  
  109  14:38  Pylon  
  109  14:39  Phoenix  
  109  14:40  Phoenix x4  
  119  14:46  Probe x2  
  119  14:48  Protoss Air Weapons Level 2  
  119  14:49  Probe  
  119  14:50  Pylon  
  122  14:53  Pylon  
  122  14:54  Pylon  
  122  14:58  Probe  
  122  14:59  Probe  
  124  15:02  Probe  
  124  15:04  Phoenix  
  124  15:05  Phoenix x2  
  131  15:14  Carrier  
  134  15:25  Probe x2  
  134  15:26  Probe  
  135  15:37  Probe  
  135  15:38  Probe x2  
  135  15:42  Photon Cannon  
  138  15:46  Pylon  
  138  15:48  Shield Battery  
  139  15:50  Probe x2, Pylon  
  140  16:01  Phoenix x2  
  144  16:18  Shield Battery  
  144  16:21  Pylon  
  143  16:31  Carrier x2  
  155  16:35  Probe x3  
  158  16:47  Probe x2  
  158  16:48  Probe  
  161  16:59  Probe  
  154  17:03  Phoenix x3  
  150  17:17  Pylon  
  148  17:23  Probe x3  
  148  17:28  Phoenix  
  153  17:35  Probe x2  
  153  17:36  Probe  
  136  17:47  Probe  
  136  17:48  Probe x2  
  147  17:59  Probe  
  147  18:00  Probe x2  
Tags
 
Add a new tag
Caveats
  • Supply blocks, unpowered buildings, or Contaminate may cause inaccurate times.
  • Supply counts are checked every 10 seconds.